 Dungeon Crawl Stone Soup version 0.23-a0-171-g5ae17c6 (webtiles) character file.

117230 topirishpotato the Peltast (level 16, -4/107 HPs)
             Began as a Gargoyle Fighter on Sept 12, 2018.
             Was the Champion of Okawaru.
             Slain by a wolf spider (5 damage)
             ... on level 2 of the Spider Nest.
             The game lasted 01:09:14 (23742 turns).

topirishpotato the Peltast (Gargoyle Fighter)      Turns: 23742, Time: 01:09:17

Health: -4/107     AC: 16    Str: 20 (23) XL:     16   Next: 73%
Magic:  6/19       EV:  6    Int: 17 (20) God:    Okawaru [******]
Gold:   1823       SH:  0    Dex: 17 (19) Spells: 15/15 levels left

rFire    + . .     SeeInvis .   C - +9 eveningstar of Okawaru's Castigation {crush, Str+4 Int+5}
rCold    + . .     Gourm    .   t - +18 shield of the Gong {rElec rN+ MR+ EV-5}
rNeg     + + .     Faith    .   p - +5 plate armour {MR+}
rPois    ∞         Spirit   .   K - +2 helmet
rElec    +         Reflect  +   G - scarf {repulsion}
rCorr    +         Harm     .   T - +2 pair of gloves "Yrchuv" {rCorr Str-3 Int+4}
MR       +++..                  x - +0 pair of boots
Stlth    ..........             U - amulet "Ymiuzet" {Reflect Str+2 SH+2}
HPRegen  0.27/turn              i - +4 ring of evasion
MPRegen  0.16/turn              F - +5 ring of dexterity

@: confused, resistant, corroded, repel missiles
A: big wings, negative energy resistance 1, electricity resistance, unbreathing,
petrification resistance, rot immunity, AC +12
a: Fly, Heroism, Finesse, Renounce Religion


You were on level 2 of the Spider Nest.
You worshipped Okawaru.
Okawaru was exalted by your worship.
You were not hungry.

You visited 4 branches of the dungeon, and saw 24 of its levels.

You collected 2011 gold pieces.
You spent 188 gold pieces at shops.

Inventory:

Hand Weapons
 C - the +9 eveningstar of Okawaru's Castigation (weapon) {crush, Str+4 Int+5}
   (Okawaru gifted it to you on level 10 of the Dungeon)

   It inflicts extra damage upon your enemies.
   It affects your strength (+4).
   It affects your intelligence (+5).
Armour
 d - the +4 ring mail "Foargh" {rPois rN+++ Int+4 Stlth+}
   (You found it on level 2 of the Spider Nest)

   It affects your intelligence (+4).
   It protects you from poison.
   It renders you almost immune to negative energy.
   It makes you more stealthy.
 p - a +5 plate armour of magic resistance (worn)
 t - the +18 shield of the Gong (worn) {rElec rN+ MR+ EV-5}
   (You acquired it on level 1 of the Spider Nest)

   It affects your evasion (-5).
   It insulates you from electricity.
   It protects you from negative energy.
   It affects your resistance to hostile enchantments.
 x - a +0 pair of boots (worn)
 G - a scarf of repulsion (worn)
 K - a +2 helmet (worn)
 L - a +1 plate armour of cold resistance
 T - the +2 pair of gloves "Yrchuv" (worn) {rCorr Str-3 Int+4}
   (You acquired it on level 2 of the Lair of Beasts)

   It affects your strength (-3).
   It affects your intelligence (+4).
   It provides partial protection from all sources of acid and corrosion.
Jewellery
 i - a +4 ring of evasion (left hand)
 u - an uncursed ring of protection from fire
 v - an uncursed ring of protection from magic
 D - an uncursed ring of protection from fire
 F - a +5 ring of dexterity (right hand)
 U - the amulet "Ymiuzet" (around neck) {Reflect Str+2 SH+2}
   (You found it on level 1 of the Lair of Beasts)

   [amulet of reflection]

   It shields you and reflects attacks.
   It affects your strength (+2).
   It affects your SH (+2).
 Y - an uncursed ring of ice
Wands
 k - a wand of flame (47)
 q - a wand of clouds (4)
 w - a wand of digging (13)
 y - a wand of random effects (33)
 B - a wand of acid (22)
Scrolls
 b - 4 scrolls of identify
 c - a scroll of fear
 e - a scroll of silence
 g - 4 scrolls of magic mapping
 h - 13 scrolls of teleportation
 l - 9 scrolls of remove curse
 n - 3 scrolls of fog
 I - 2 scrolls of blinking
 P - a scroll of brand weapon
 R - 3 scrolls of enchant weapon
 S - 5 scrolls of amnesia
Potions
 a - 4 potions of lignification
 m - a potion of mutation
 o - 2 potions of cancellation
 r - 8 potions of curing
 V - 2 potions of agility
 X - a potion of magic
Comestibles
 f - 33 rations


   Skills:
 + Level 14.7 Fighting
   Level 12.8(14.8) Axes
 - Level 13.8(16.0) Maces & Flails
 + Level 11.4 Armour
 + Level 1.7 Dodging
 - Level 15.1 Shields
 - Level 4.9 Invocations


You had 15 spell levels left.
You didn't know any spells.
Your spell library contained the following spells:

 Spells                   Type           Power        Failure   Level  Hunger
 Animate Skeleton         Necr           N/A          98%         1    ##.....
 Beastly Appendage        Tmut           #.....       98%         1    ##.....
 Confusing Touch          Hex            #.....       98%         1    ##.....
 Corona                   Hex            #......      98%         1    ##.....
 Pain                     Necr           #...         98%         1    ##.....
 Sandblast                Erth           #.....       98%         1    ##.....
 Sting                    Conj/Pois      #...         98%         1    ##.....
 Ensorcelled Hibernation  Hex/Ice        #.....       99%         2    ###....
 Passwall                 Tmut/Erth      #.......     99%         2    ###....
 Poisonous Vapours        Pois/Air       #.....       99%         2    ###....
 Sticks to Snakes         Tmut           #.......     99%         2    ###....
 Confuse                  Hex            #.......     100%        3    ####...
 Dazzling Spray           Conj/Hex       #.....       100%        3    ####...
 Gell's Gravitas          Tloc           #.........   100%        3    ####...
 Ignite Poison            Fire/Tmut/Pois #.......     100%        3    ####...
 Mephitic Cloud           Conj/Pois/Air  #.......     100%        3    ####...
 Recall                   Summ/Tloc      N/A          100%        3    ####...
 Regeneration             Chrm/Necr      #.........   100%        3    ####...
 Spider Form              Tmut/Pois      #.........   100%        3    ####...
 Stone Arrow              Conj/Erth      #.....       100%        3    ####...
 Tukima's Dance           Hex            #.......     100%        3    ####...
 Vampiric Draining        Necr           #.........   100%        3    ####...
 Animate Dead             Necr           N/A          100%        4    #####..
 Ice Form                 Ice/Tmut       #.......     100%        4    #####..
 Olgreb's Toxic Radiance  Pois           #.......     100%        4    #####..
 Petrify                  Tmut/Erth      #.......     100%        4    #####..
 Alistair's Intoxication  Tmut/Pois      #.......     100%        5    ######.
 Blade Hands              Tmut           #.........   100%        5    ######.
 Borgnjor's Vile Clutch   Necr/Erth      #.........   100%        5    ######.
 Irradiate                Conj/Tmut      #.........   100%        5    ######.
 Lee's Rapid Deconstruct  Erth           #.........   100%        5    ######.
 Metabolic Englaciation   Hex/Ice        #.........   100%        5    ######.
 Venom Bolt               Conj/Pois      #.........   100%        5    ######.
 Yara's Violent Unravell  Hex/Tmut       #.........   100%        5    ######.
 Death Channel            Necr           #.........   100%        6    #######
 Simulacrum               Ice/Necr       #.........   100%        6    #######
 Sublimation of Blood     Necr           Unusable     N/A         2    N/A

Dungeon Overview and Level Annotations

Branches:
Dungeon (15/15)            Temple (1/1) D:6            Lair (6/6) D:9
  Swamp (0/4) Lair:4       Spider (2/4) Lair:4        Slime (0/5) Lair:5
    Orc (0/2) D:12         Vaults (0/5) D:13         Depths (0/5) D:15

Altars:
Ashenzari
Cheibriados
Dithmenos
Elyvilon
Fedhas
Gozag
Hepliaklqana
Kikubaaqudgha
Makhleb
Nemelex Xobeh
Okawaru
Qazlal
Ru
Sif Muna
Trog
Uskayaw
Vehumet
Wu Jian
Xom
Yredelemnul
Zin
The Shining One
Beogh
Jiyva

Shops:
D:4 [   D:5 *   D:9 %   D:11 =   D:13 :   D:14 (   D:15 :

Annotations:
Lair:5 1 runed door


Innate Abilities, Weirdness & Mutations

You are resistant to torment.
Your stone body is resilient. (AC +12)
You are immune to poison.
Your large and strong wings let you fly indefinitely.
You resist negative energy. (rN+)
You are resistant to electric shocks. (rElec)
You can survive without breathing.
You are immune to petrification.
You are immune to rotting.


Message History

Something hits you but does no damage. Something stings you.
* * * LOW HITPOINT WARNING * * *
You're too confused to move!
The wolf spider hits you but does no damage.
The wolf spider bites you but does no damage.
The jumping spider pounces on you.
* * * LOW HITPOINT WARNING * * *
The jumping spider barely misses you. Something hits you but does no damage.
Something hits you.
* * * LOW HITPOINT WARNING * * *
Something stings you but does no damage.
The wolf spider barely misses you. The wolf spider bites you.
* * * LOW HITPOINT WARNING * * *
You miss the wolf spider.
The jumping spider pounces on you but does no damage.
The jumping spider bites you but does no damage.
The wolf spider hits you!
* * * LOW HITPOINT WARNING * * *
The wolf spider bites you.
You die...

**+*****+*,*,,....##^..#.....#...
*,,,,,,,**,*,,.....##...#^.......
*≈≈≈≈,,,,*,*,,...........!....#..
**≈≈≈,,,,*+*,,...................
+*≈≈≈≈,,,≈≈*,,..####........#....
,*,≈≈≈≈,≈,,*#####..##..#.........
,*,,≈≈≈≈≈,,,#ssa#...#..#.........
,*,,≈,≈≈,,,,#s#s#...'†.....#.....
,+,,≈≈≈≈,,,,#s#{@...'..#........)
,*,,,≈≈≈,.,,#≈###s..'.......#.#..
,*,,≈≈≈≈a...as# #...#.#........,,
+*≈≈≈≈≈≈≈..######..##.......#..,,
**≈≈≈≈.≈≈≈≈#....####...........,,
*≈,≈≈,...#+#...................,,
*,,,,,..,*,#.......^..#........,,
**,,,,.,**,#.......##.#.<....[,,,
**+*****+*,#......##......#..,,*,


You could see an entropy weaver, 3 wolf spiders and a jumping spider.

Vanquished Creatures
  Arachne (Spider:2)
  Gastronok (D:11)
  Agnes (Spider:2)
  2 emperor scorpions (Spider:2)
  An entropy weaver (Spider:2)
  A spark wasp (Spider:2)
  Snorg (D:13)
  A fire dragon (D:15)
  An ogre mage (D:12)
  Erolcha (D:11)
  An ice dragon (D:15)
  Fannar (Lair:2)
  Harold (D:8)
  6 hydras
  4 catoblepae
  9 two-headed ogres
  4 death yaks
  2 centaur warriors (D:15)
  2 death knights
  A tengu warrior (D:13)
  Urug (Lair:6)
  The ghost of kristmaskthulhu the Cleaver, a novice HOFi of Beogh (D:8)
  2 unseen horrors
  An orc knight (D:15)
  13 wolf spiders
  2 orb spiders
  8 ugly things
  A salamander (shapeshifter) (D:10)
  11 elephants
  2 cyclopes
  3 slime creatures
  6 black mambas
  Maurice (D:13)
  3 gargoyles
  10 spiny frogs
  An efreet (D:15)
  A spiny frog (shapeshifter) (D:13)
  2 rime drakes (Lair:2)
  5 komodo dragons
  A freezing wraith (D:15)
  3 demonic crawlers (Spider:1)
  2 polar bears (Lair:6)
  3 jumping spiders
  7 hornets
  8 trolls
  Grinder (D:3)
  Prince Ribbit (D:6)
  6 blink frogs
  A raiju (shapeshifter) (D:13)
  18 dream sheep
  A centaur simulacrum (D:14)
  15 hippogriffs
  41 redbacks
  A water elemental (D:15)
  A vampire (D:15)
  15 spriggans (Lair:6)
  16 tarantellas
  2 wraiths (D:15)
  5 wyverns
  2 shadows
  2 steam dragons
  78 yaks
  A hungry ghost (D:8)
  3 basilisks
  A vampire mosquito (D:8)
  Menkaure (D:6)
  An acid dragon (D:11)
  Edmund (D:4)
  13 water moccasins
  A hornet zombie (D:12)
  8 orc warriors
  10 porcupines
  4 ice beasts
  6 black bears
  2 phantoms
  A sky beast (D:9)
  A swamp drake (Lair:4)
  2 eyes of draining
  A necrophage (D:10)
  8 ogres
  3 boggarts (Lair:6)
  28 wolves
  13 crocodiles
  9 centaurs
  5 big kobolds
  A bullfrog (shapeshifter) (D:13)
  22 bullfrogs
  2 wyvern skeletons
  9 scorpions
  11 killer bees
  8 howler monkeys
  6 wights
  The ghost of drock42 the Grave Robber, a weakling DsNe (D:3)
  3 electric eels (D:15)
  7 crimson imps
  4 lava snakes (D:15)
  A bullfrog zombie (D:6)
  3 quasits
  5 bullfrog skeletons
  5 centaur zombies
  7 hounds
  2 jellies
  8 orc priests
  7 centaur skeletons
  Ijyb (D:3)
  Natasha (thrice) (D:3)
  9 iguanas
  14 orc wizards
  10 worker ants
  A hell rat (D:9)
  A hound skeleton (D:10)
  A worker ant zombie (D:11)
  7 gnolls
  19 adders
  3 river rats (D:9)
  2 shadow imps
  2 oozes
  An adder skeleton (D:7)
  5 worms
  2 dart slugs
  11 leopard geckos
  83 orcs
  6 giant cockroaches
  3 goblins
  7 hobgoblins
  13 jackals
  30 kobolds
  12 quokkas
  8 bats
  5 frilled lizards
  9 rats
  A fire vortex (D:15)
850 creatures vanquished.

Vanquished Creatures (others)
  A centaur (D:10)
  An adder skeleton (D:4)
  2 kobolds
  5 fungi
9 creatures vanquished.

Grand Total: 859 creatures vanquished

Notes
Turn   | Place    | Note
-------+----------+-------------------------------------------
     0 | D:1      | topirishpotato the Gargoyle Fighter began the quest for the
                  | Orb.
     0 | D:1      | Reached XP level 1. HP: 14/14 MP: 1/1
   114 | D:1      | Reached XP level 2. HP: 19/19 MP: 2/2
   240 | D:1      | Reached XP level 3. HP: 22/23 MP: 3/3
   414 | D:2      | Found a shadowy altar of Dithmenos.
   569 | D:2      | Reached XP level 4. HP: 23/28 MP: 4/4
  1087 | D:2      | Reached XP level 5. HP: 33/33 MP: 5/5
  1097 | D:2      | Reached skill level 4 in Shields
  1686 | D:3      | Noticed Grinder
  1695 | D:3      | Paralysed by Grinder for 5 turns
  1710 | D:3      | Paralysed by Grinder for 7 turns
  1724 | D:3      | Killed Grinder
  1724 | D:3      | Reached skill level 5 in Axes
  1724 | D:3      | Reached XP level 6. HP: 14/38 MP: 6/6
  2062 | D:3      | Reached XP level 7. HP: 12/43 MP: 7/7
  2341 | D:3      | Noticed Natasha
  2348 | D:3      | Killed Natasha
  2376 | D:3      | Noticed Natasha
  2392 | D:3      | Killed Natasha
  2416 | D:3      | Noticed Natasha
  2424 | D:3      | Killed Natasha
  2444 | D:3      | Noticed Ijyb
  2460 | D:3      | Killed Ijyb
  2683 | D:3      | Found a runed gate.
  2683 | D:3      | Found a runed gate.
  2683 | D:3      | Found a runed gate.
  2687 | D:3      | Noticed drock42's ghost (weakling DsNe)
  2751 | D:3      | Found a roughly hewn altar of Beogh.
  2757 | D:3      | Killed drock42's ghost
  2772 | D:3      | Got an encrusted hand axe {chop}
  2772 | D:3      | Got an ancient scale mail
  2773 | D:3      | Identified the +3 hand axe of Welfare {chop, Stlth+} (You
                  | took it off an orc on level 3 of the Dungeon)
  2784 | D:3      | Identified the cursed +1 scale mail of Absence {Str+4
                  | Dex+4} (You took it off an orc on level 3 of the Dungeon)
  3080 | D:4      | Found Zolera's Armour Emporium.
  3158 | D:4      | Noticed an angel
  3160 | D:4      | Found a shimmering altar of Xom.
  3160 | D:4      | Found a glowing silver altar of Zin.
  3195 | D:4      | Reached skill level 5 in Shields
  3200 | D:4      | Found an iron altar of Okawaru.
  3222 | D:4      | Reached XP level 8. HP: 48/48 MP: 8/8
  3227 | D:4      | Became a worshipper of Warmaster Okawaru
  3305 | D:4      | Noticed Edmund
  3326 | D:4      | Killed Edmund
  4000 | D:5      | Entered Level 5 of the Dungeon
  4125 | D:5      | Reached * piety under Okawaru
  4208 | D:5      | Reached skill level 5 in Armour
  4383 | D:5      | Reached XP level 9. HP: 53/53 MP: 9/9
  4395 | D:5      | Reached skill level 6 in Shields
  4411 | D:5      | Found Zijukkih's General Store.
  4416 | D:5      | Bought a +3 amulet of reflection for 188 gold pieces
  4712 | D:5      | Reached skill level 10 in Axes
  4712 | D:5      | Reached skill level 8 in Shields
  4712 | D:5      | Reached XP level 10. HP: 64/64 MP: 10/10
  4832 | D:6      | Noticed Prince Ribbit
  4843 | D:6      | Killed Prince Ribbit
  4843 | D:6      | Reached skill level 9 in Shields
  5042 | D:6      | Noticed Menkaure
  5051 | D:6      | Reached ** piety under Okawaru
  5059 | D:6      | Killed Menkaure
  5429 | D:6      | Found a staircase to the Ecumenical Temple.
  5597 | Temple   | Entered the Ecumenical Temple
  6755 | D:8      | Found a runed gate.
  6755 | D:8      | Found a runed gate.
  6755 | D:8      | Found an opulent altar of Gozag.
  6756 | D:8      | Found a runed gate.
  6757 | D:8      | Noticed kristmaskthulhu's ghost (novice HOFi)
  6884 | D:8      | Killed kristmaskthulhu's ghost
  6884 | D:8      | Reached *** piety under Okawaru
  6935 | D:8      | Found an opulent altar of Gozag.
  6973 | D:8      | Noticed Harold
  6993 | D:8      | Killed Harold
  6993 | D:8      | Reached XP level 11. HP: 48/69 MP: 11/11
  7249 | D:8      | Reached **** piety under Okawaru
  8250 | D:9      | Noticed a death yak
  8252 | D:9      | Noticed a two-headed ogre
  8254 | D:9      | Noticed a death yak
  8255 | D:9      | Noticed a death yak
  8269 | D:9      | Killed a two-headed ogre
  8269 | D:9      | Reached skill level 1 in Invocations
  8316 | D:9      | Killed a death yak
  8326 | D:9      | Killed a death yak
  8326 | D:9      | Reached ***** piety under Okawaru
  8349 | D:9      | Killed a death yak
  8349 | D:9      | Reached skill level 10 in Shields
  8537 | D:9      | Found a staircase to the Lair.
  8575 | D:9      | Found a burning altar of Makhleb.
  8576 | D:9      | Found a hazy altar of Hepliaklqana.
  8784 | D:9      | Found Pydonomn's Food Emporium.
  8879 | D:10     | Entered Level 10 of the Dungeon
  8880 | D:10     | Noticed a two-headed ogre
  8894 | D:10     | Killed a two-headed ogre
  8894 | D:10     | Received a gift from Okawaru
  9190 | D:10     | Killed an unseen horror
  9190 | D:10     | Reached XP level 12. HP: 62/76 MP: 14/14
  9536 | D:10     | Noticed a catoblepas
  9603 | D:10     | Killed a catoblepas
  9850 | D:10     | Received a gift from Okawaru
  9978 | D:10     | Received a gift from Okawaru
  9979 | D:10     | Got a bloodstained eveningstar {god gift}
  9981 | D:10     | Identified the +9 eveningstar of Okawaru's Castigation
                  | {crush, Str+4 Int+5} (Okawaru gifted it to you on level 10
                  | of the Dungeon)
 10112 | D:10     | Noticed a two-headed ogre
 10130 | D:10     | Got a warped short sword
 10141 | D:10     | Killed a two-headed ogre
 10141 | D:10     | Reached skill level 1 in Maces & Flails
 10842 | D:11     | Noticed Erolcha
 10849 | D:11     | Killed Erolcha
 10849 | D:11     | Reached skill level 11 in Shields
 11027 | D:11     | Reached ****** piety under Okawaru
 11030 | D:11     | Received a gift from Okawaru
 11166 | D:11     | Received a gift from Okawaru
 11166 | D:11     | Reached skill level 10 in Fighting
 11228 | D:11     | Found Mipab's Jewellery Boutique.
 11293 | D:11     | Reached skill level 5 in Maces & Flails
 11296 | D:11     | Reached XP level 13. HP: 82/82 MP: 16/16
 11644 | D:11     | Noticed Gastronok
 11658 | D:11     | Killed Gastronok
 11983 | D:11     | Identified the +11 short sword of Makhleb's Reproof {speed,
                  | rPois MR- MP+9 Int+3} (You found it on level 10 of the
                  | Dungeon)
 12082 | D:12     | Noticed an ogre mage
 12092 | D:12     | Killed an ogre mage
 12584 | D:12     | Received a gift from Okawaru
 12791 | D:12     | Found a staircase to the Orcish Mines.
 13453 | D:13     | Noticed Maurice
 13465 | D:13     | Killed Maurice
 13584 | D:13     | Found a gate to the Vaults.
 13589 | D:13     | Reached skill level 10 in Armour
 13628 | D:13     | Noticed Snorg
 13666 | D:13     | Killed Snorg
 13666 | D:13     | Received a gift from Okawaru
 13666 | D:13     | Reached skill level 12 in Shields
 14144 | D:13     | Found Waeph's Book Emporium.
 14743 | D:14     | Gained mutation: Your large and strong wings let you fly
                  | indefinitely. [Gargoyle growth]
 14743 | D:14     | Reached XP level 14. HP: 88/88 MP: 9/17
 14805 | D:14     | Found Jithrown's Weapon Emporium.
 14968 | D:14     | Reached skill level 10 in Maces & Flails
 15419 | D:15     | Entered Level 15 of the Dungeon
 15558 | D:15     | Received a gift from Okawaru
 15567 | D:15     | Got a bone hand axe {god gift}
 15616 | D:15     | Identified the +5 hand axe "Moceuwuy" {drain, rPois Dex+4
                  | SInv} (Okawaru gifted it to you on level 15 of the Dungeon)
 15791 | D:15     | Found Metexod's Book Emporium.
 15901 | D:15     | Found a staircase to the Depths.
 16063 | D:15     | Received a gift from Okawaru
 16066 | D:15     | Got a crude mace {god gift}
 16067 | D:15     | Identified the +7 mace of Rirhes {flame, +Rage Str+3 Dex+2}
                  | (Okawaru gifted it to you on level 15 of the Dungeon)
 16536 | Lair:1   | Entered Level 1 of the Lair of Beasts
 16639 | Lair:1   | Reached skill level 13 in Shields
 16829 | Lair:1   | Got a heavily runed crystal amulet
 17211 | Lair:2   | Identified a scroll of acquirement
 17212 | Lair:2   | Got a pair of spiked gloves
 17224 | Lair:2   | Identified the +2 pair of gloves "Yrchuv" {rCorr Str-3
                  | Int+4} (You acquired it on level 2 of the Lair of Beasts)
 17237 | Lair:2   | Found a sacrificial altar of Ru.
 17432 | Lair:2   | Received a gift from Okawaru
 17449 | Lair:2   | Noticed Fannar
 17462 | Lair:2   | Killed Fannar
 17741 | Lair:2   | Reached XP level 15. HP: 91/96 MP: 18/18
 18085 | Lair:2   | Identified the amulet "Ymiuzet" {Reflect Str+2 SH+2} (You
                  | found it on level 1 of the Lair of Beasts)
 18964 | Lair:4   | Received a gift from Okawaru
 18983 | Lair:4   | Got a twisted glaive {god gift}
 18985 | Lair:4   | Identified the +4 glaive of Okawaru's Reproof {flame,
                  | Str+3} (Okawaru gifted it to you on level 4 of the Lair of
                  | Beasts)
 19362 | Lair:4   | Found a staircase to the Swamp.
 19428 | Lair:4   | Found a hole to the Spider Nest.
 19949 | Lair:5   | Reached skill level 14 in Shields
 20351 | Lair:5   | Found a runed door.
 20351 | Lair:5   | Found a viscous altar of Jiyva.
 20351 | Lair:5   | Found a staircase to the Slime Pits.
 20351 | Lair:5   | Noticed an acid blob
 20825 | Lair:6   | Entered Level 6 of the Lair of Beasts
 21010 | Lair:6   | Received a gift from Okawaru
 21082 | Lair:6   | Noticed Urug
 21100 | Lair:6   | Killed Urug
 21557 | Lair:6   | Reached XP level 16. HP: 92/103 MP: 19/19
 22093 | Spider:1 | Entered Level 1 of the Spider Nest
 22225 | Spider:1 | Reached skill level 1 in Dodging
 22248 | Spider:1 | Received a gift from Okawaru
 22261 | Spider:1 | Reached skill level 15 in Shields
 22349 | Spider:1 | Found the +18 shield of the Gong {rElec rN+ MR+ EV-5}
 23239 | Spider:2 | Noticed Agnes
 23261 | Spider:2 | Killed Agnes
 23268 | Spider:2 | Noticed Arachne
 23293 | Spider:2 | Killed Arachne
 23331 | Spider:2 | Received a gift from Okawaru
 23350 | Spider:2 | Got a scorched ring mail
 23361 | Spider:2 | Identified the +4 ring mail "Foargh" {rPois rN+++ Int+4
                  | Stlth+} (You found it on level 2 of the Spider Nest)
 23742 | Spider:2 | HP: 1/107 [wolf spider (16)]
 23742 | Spider:2 | Slain by a wolf spider

Vault maps used:
D:1:      nagdon_arrival_zigzag_paths
D:2:      serial_glass, glass_columns_a, glass_columns_a, interstate_on_off,
          grunt_dithmenos_smoke_and_mirrors
D:3:      biasface_ghost_orc_armoury, serial_curves, eino_curves_01,
          eino_curves_04, eino_curves_02, eino_curves_04, first_ration,
          uniq_ijyb, uniq_natasha, uniq_grinder
D:4:      grunt_temple_overflow_order_and_chaos_1, okawaru_metal_pillars_3,
          serial_shops, shop, nzn_random_ring, uniq_edmund
D:5:      serial_shops, kennysheep_little_box
D:6:      minmay_temple_entry_enclosed_plants, uniq_prince_ribbit1,
          uniq_menkaure
D:8:      lemuel_crystal_altar, ebering_ghost_gozag, uniq_harold
D:9:      gammafunk_temple_overflow_statue, dpeg_lair_monsters, serial_shops,
          kennysheep_mini
D:10:     cheibrodos_ideogram_h, minmay_diamond_spiral
D:11:     serial_shops, nicolae_shop_waterfront, uniq_gastronok, uniq_erolcha
D:12:     orc_0_dummy
D:13:     david_vaults_2, serial_shops, shop_fountains, grunt_tengu_nest,
          uniq_snorg, uniq_maurice
D:14:     minmay_fountain_box, serial_shops, nicolae_shop_waterfront,
          spider_trap
D:15:     grunt_enter_depths_hoard, serial_shops, nicolae_shop_behind_doors,
          solitary_fountain
Temple:   regret_index_temple_sphere_string
Lair:1:   st_stairs_4, infiniplex_staircase_pool_2
Lair:2:   basic_altar, uniq_fannar
Lair:3:   beast_lair_carwin_9
Lair:4:   minmay_swamp_entry_reptiles, spider_nest_entry_webs,
          lemuel_fruit_fields, grunt_megastairs_4
Lair:5:   slime_altar_2, kennysheep_catoblepas_arena, grunt_megastairs_1
Lair:6:   minmay_lair_end_enchanted_forest, serial_bayou_shore_b, uniq_urug
Spider:2: spider_temple_joshua, uniq_arachne, uniq_agnes

Skill      XL: |  1  2  3  4  5  6  7  8  9 10 11 12 13 14 15 16 |
---------------+-------------------------------------------------+-----
Axes           | 2 3 5 6 8 10 11 12 | 12.8
Shields        | 4 5 8 9 10 11 12 13 14 15 | 15.1
Fighting       | 4 8 9 10 11 12 14 | 14.7
Armour         | 4 5 8 9 10 11 | 11.4
Invocations    | 3 4 |  4.9
Maces & Flails | 5 9 12 13 | 13.8
Dodging        | 1 |  1.7

Action                   |  1- 3 |  4- 6 |  7- 9 | 10-12 | 13-15 | 16-18 || total
-------------------------+-------+-------+-------+-------+-------+-------++-------
Melee: War axe           |    76 |   237 |    79 |       |       |       ||   392
       Hand axe          |       |       |   158 |   765 |       |       ||   923
       Eveningstar       |       |       |       |   139 |  1220 |   360 ||  1719
Invok: Heroism           |       |       |       |       |     2 |       ||     2
       Finesse           |       |       |       |       |     2 |       ||     2
 Abil: Fly               |       |       |       |       |     3 |       ||     3
       Stop Flying       |       |       |       |       |     3 |       ||     3
Evoke: Wand              |       |       |       |     1 |       |       ||     1
  Use: Potion            |       |     1 |     4 |     8 |    11 |     7 ||    31
       Scroll            |       |       |    17 |    12 |    15 |     4 ||    48
 Stab: Invisible         |       |       |       |    26 |       |     9 ||    35
       Petrified         |       |       |       |     2 |       |       ||     2
       Confused          |       |       |       |       |     2 |       ||     2
  Eat: Chunk             |       |     3 |     9 |     9 |    25 |     4 ||    50
       Ration            |       |       |       |     4 |     3 |     1 ||     8
Armor: Scale mail        |    18 |       |    61 |   189 |       |       ||   268
       Chain mail        |    32 |   178 |    41 |       |       |       ||   251
       Skin              |       |       |     7 |       |       |       ||     7
       Plate armour      |       |       |       |   173 |   584 |   256 ||  1013
Dodge: Dodged            |    29 |    43 |    56 |   123 |   135 |    63 ||   449
       Deflected         |       |       |       |       |     2 |       ||     2
Block: Shield            |    47 |   114 |   124 |   567 |   271 |   361 ||  1484
       Reflection        |       |       |       |    20 |    25 |       ||    45
       Large shield      |       |       |       |       |   914 |   194 ||  1108

Table legend:
 A = Non-vault XP
 B = Vault XP
 C = Vault XP percentage of total XP
 D = Non-vault monster count
 E = Vault monster count
 F = Vault count percentage of total count
                 A         B        C        D         E       F
            +---------+---------+-------+---------+---------+-------
      Total |  115500 |   49604 |  30.0 |     661 |     189 |  22.2
            +---------+---------+-------+---------+---------+-------
        D:1 |      39 |       0 |   0.0 |      22 |       0 |   0.0
        D:2 |     174 |       0 |   0.0 |      29 |       0 |   0.0
        D:3 |     292 |     418 |  58.9 |      32 |       9 |  22.0
        D:4 |     354 |     552 |  60.9 |      11 |      14 |  56.0
        D:5 |     598 |       0 |   0.0 |      11 |       0 |   0.0
        D:6 |     457 |     492 |  51.8 |      30 |       3 |   9.1
        D:7 |    1096 |       0 |   0.0 |      28 |       0 |   0.0
        D:8 |    1414 |    2058 |  59.3 |      29 |       5 |  14.7
        D:9 |    1914 |    3328 |  63.5 |      20 |      35 |  63.6
       D:10 |    4974 |    6167 |  55.4 |      35 |      26 |  42.6
       D:11 |    6308 |    3317 |  34.5 |      59 |       2 |   3.3
       D:12 |   10272 |       0 |   0.0 |      42 |       0 |   0.0
       D:13 |    3690 |    3167 |  46.2 |      17 |       6 |  26.1
       D:14 |    5667 |       0 |   0.0 |      21 |       0 |   0.0
       D:15 |   12778 |    2044 |  13.8 |      41 |       2 |   4.7
     Lair:1 |    5719 |       0 |   0.0 |      27 |       0 |   0.0
     Lair:2 |    6049 |     986 |  14.0 |      21 |       1 |   4.5
     Lair:3 |    5489 |    1288 |  19.0 |      21 |       7 |  25.0
     Lair:4 |    9232 |    1393 |  13.1 |      33 |       9 |  21.4
     Lair:5 |    6218 |    2137 |  25.6 |      24 |       4 |  14.3
     Lair:6 |   11846 |   10110 |  46.0 |      42 |      52 |  55.3
   Spider:1 |   10976 |       0 |   0.0 |      38 |       0 |   0.0
   Spider:2 |    9944 |   12147 |  55.0 |      28 |      14 |  33.3
            +---------+---------+-------+---------+---------+-------
